 Dungeon Crawl Stone Soup version 0.30-a0-711-gf4ac18a38d (webtiles) character file.

Game seed: 16405791182634007742

322 drugrobin the Insei (level 6, 0/50 HPs)
             Began as a Demigod Delver on Jan 22, 2023.
             Slain by an orc
             ... wielding a +0 flail
              (3 damage)
             ... on level 5 of the Dungeon.
             The game lasted 00:10:33 (3628 turns).

drugrobin the Insei (Demigod Delver)                Turns: 3628, Time: 00:10:34

Health: 0/50       AC:  3    Str: 17    XL:     6   Next: 2%
Magic:  8/8        EV: 12    Int: 12    God:
Gold:   289        SH:  0    Dex: 19    Spells: 4/5 levels left

rFire   . . .      SeeInvis .    b - +2 dagger (venom)
rCold   . . .      Faith    .    (no shield)
rNeg    . . .      Spirit   .    a - +0 leather armour
rPois   .          Reflect  .    (no helmet)
rElec   .          Harm     .    (no cloak)
rCorr   .          Rampage  .    (no gloves)
Will    .....                    (no boots)
Stlth   +++                      (no amulet)
HPRegen 0.28/turn                t - ring of flight
MPRegen 0.11/turn                (no ring)

@: flying
A: high MP 1, forlorn, divine attributes
a: no special abilities


You were on level 5 of the Dungeon.
You visited 1 branch of the dungeon, and saw 5 of its levels.

You collected 289 gold pieces.

Inventory:

Hand Weapons
 b - a +2 dagger of venom (weapon)
 c - a +0 sling
Missiles
 u - 2 poisoned darts (quivered)
Armour
 a - a +0 leather armour (worn)
 r - a +0 chain mail
Jewellery
 t - a ring of flight (left hand)
Wands
 f - a wand of digging (3)
 w - a wand of light (3)
Scrolls
 e - 3 scrolls of fog
 g - 4 scrolls of identify
 j - a scroll of vulnerability {unknown}
 k - a scroll of immolation {unknown}
 m - a scroll of noise {unknown}
 n - a scroll of torment {unknown}
 o - a scroll of brand weapon {unknown}
 p - a scroll of poison {unknown}
 v - a scroll of teleportation {unknown}
Potions
 d - 3 potions of heal wounds {unknown}
 h - a potion of curing
 i - a potion of haste
 l - a potion of cancellation {unknown}
 q - a potion of brilliance {unknown}
 s - a potion of invisibility {unknown}
 x - a potion of berserk rage {unknown}


   Skills:
 - Level 2.6 Fighting
 - Level 1.7 Dodging
 - Level 4.5 Stealth
 + Level 6.1 Unarmed Combat


You had 4 spell levels left.
You knew the following spells:

 Your Spells              Type           Power      Damage    Failure   Level
a - Magic Dart            Conj           0%         1d3       38%         1

Your spell library contained the following spells:

 Spells                   Type           Power      Damage    Failure   Level
 Searing Ray              Conj           0%         2d4       52%         2
 Fulminant Prism          Conj/Hex       0%         3d5       99%         4


Dungeon Overview and Level Annotations

Branches:
Dungeon (5/15)
 Temple: D:4-7

Annotations:
D:5 exclusions: hound and scorpion


Innate Abilities, Weirdness & Mutations

You have an increased reservoir of magic. (+10% MP)
You shall have no god before yourself.
Your divine heritage dramatically boosts your attributes as you level up.


Message History

Unknown command.
Unknown command.
Press: ? - help, v - describe, . - travel
Here: an orc wizard, wielding a +0 dagger and wearing a +0 robe (lightly wounded, very poisoned)
The floor.
Unknown command.
Unknown command.
Unknown command.
Unknown command.
Unknown command.
Unknown command.
Unknown command.
You hit the orc wizard but do no damage.
The orc wizard looks as sick as possible!
The orc wizard is lightly wounded.
The orc hits you with a +0 whip.
* * * LOW HITPOINT WARNING * * *
The orc wizard hits you with a +0 dagger.
* * * LOW HITPOINT WARNING * * *
The orc barely misses you.
Unknown command.
You feel better. The orc hits you with a +0 whip.
* * * LOW HITPOINT WARNING * * *
The orc wizard closely misses you. The orc hits you with a +0 flail!
* * * LOW HITPOINT WARNING * * *
You feel better. The orc hits you but does no damage.
The orc wizard hits you with a +0 dagger.
* * * LOW HITPOINT WARNING * * *
The orc barely misses you.
Unknown command.
Okay, then.
Aiming: Bolt of Light
Press: ? - help, Shift-Dir - straight line, f - orc wizard
Aim: an orc wizard, wielding a +0 dagger and wearing a +0 robe (heavily wounded, extremely poisoned, 64% to hit)
The bolt of light hits the orc wizard!
You kill the orc wizard!
The orc hits you with a +0 whip.
* * * LOW HITPOINT WARNING * * *
The orc hits you with a +0 flail.
You die...

#....### #.# #.##...
##...# ..# #.##... #...#
#####.##### #...#
#.......'_# ########..##
#.###..#### #.........#
#.##.# #..#...
#.........#
#....###..#...
##......oo#
#####.....#... #......)@#
#.###.#... #......#####
#.#<#.#.##
............#####...#.#.#
#....##.....+......##.#.#
....# #o....######....#+#
...# #.....# ####.....
... #.....# .... .
#..$..# ... #.....###
#... $.


You could see 2 orcs.

Vanquished Creatures
  A necrophage (D:4)
  3 iguanas (D:3)
  2 orc wizards (D:5)
  Ijyb (D:3)
  6 adders
  A worm (D:2)
  A dart slug (D:1)
  3 orcs
  5 ball pythons
  6 bats
  3 endoplasms
  7 giant cockroaches
  6 goblins
  8 hobgoblins
  4 quokkas
  14 frilled lizards
  6 kobolds
  8 rats
85 creatures vanquished.

Notes
Turn   | Place    | Note
-------+----------+-------------------------------------------
     0 | D:5      | drugrobin the Demigod Delver began the quest for the Orb.
     0 | D:5      | Reached XP level 1. HP: 18/18 MP: 3/3
    38 | D:5      | Noticed a hound
    47 | D:5      | Noticed a scorpion
    85 | D:4      | Noticed a necrophage
   141 | D:4      | Noticed an iguana
   141 | D:4      | Noticed an iguana
   167 | D:3      | Noticed an iguana
   267 | D:2      | Reached skill level 2 in Unarmed Combat
   437 | D:1      | Reached XP level 2. HP: 24/25 MP: 4/4
   582 | D:1      | Reached skill level 3 in Unarmed Combat
   748 | D:1      | Reached XP level 3. HP: 30/30 MP: 5/5
  1253 | D:2      | Reached skill level 4 in Unarmed Combat
  1765 | D:1      | Learned a level 1 spell: Magic Dart
  1949 | D:3      | Reached XP level 4. HP: 33/37 MP: 3/6
  1976 | D:3      | Noticed Ijyb
  2311 | D:3      | Killed Ijyb
  2689 | D:3      | Reached skill level 5 in Unarmed Combat
  2692 | D:3      | Reached XP level 5. HP: 4/42 MP: 7/7
  3620 | D:5      | Reached skill level 6 in Unarmed Combat
  3620 | D:5      | Reached XP level 6. HP: 37/50 MP: 8/8
  3628 | D:5      | Slain by an orc

Illustrated notes

Levels and vault maps discovered:
D:1:      dpeg_arrival_prison, layout_basic, minmay_lizard_pond
D:2:      layout_basic, basic_altar, minmay_pentomino_r4
D:3:      layout_rooms, serial_rivers, chequers_serial_rivers_micro_c,
          chequers_serial_rivers_micro_b, chequers_serial_rivers_marsh,
          chequers_serial_rivers_micro_e, kennysheep_donut, uniq_ijyb
D:4:      layout_rooms, mainiacjoe_overflow_small_starburst,
          mainiacjoe_overflow_cross_hatched
D:5:      layout_basic, hellmonk_okawaru_the_only_friend_you_need,
          nicolae_tso_carved_into_rock, ashenzari_conservatory_becter, hex_tiny,
          serial_bayou_pond_e, uniq_prince_ribbit1

Skill      XL: |  1  2  3  4  5 |
---------------+----------------+-----
Unarmed Combat | 2 3 4 5 6 |  6.1
Fighting       | |  2.6
Dodging        | |  1.7
Stealth        | |  4.5

Action                     |  1- 3 |  4- 6 || total
---------------------------+-------+-------++-------
  Melee: Unarmed           |   174 |    77 ||   251
         Punch             |     3 |     4 ||     7
         Dagger            |       |    22 ||    22
   Fire: Sling             |    31 |     9 ||    40
  Throw: Dart              |     2 |     5 ||     7
         Boomerang         |       |    10 ||    10
   Cast: Magic Dart        |     5 |       ||     5
  Evoke: Wand              |       |     4 ||     4
    Use: Scroll            |     2 |     1 ||     3
         Potion            |     1 |     3 ||     4
   Stab: Sleeping          |     6 |     2 ||     8
 Armour: Leather armour    |    54 |    24 ||    78
  Dodge: Dodged            |   138 |    69 ||   207

Table legend: (Time is in decaauts)
 A = Elapsed time spent in this place.
 B = Non-inter-level travel time spent in this place.
 C = Inter-level travel time spent in this place.
 D = Time resting spent in this place.
 E = Time spent auto-exploring this place.
 F = Levels seen in this place.
 G = Mean time per level.
                   A        B        C        D        E       F      G
               +--------+--------+--------+--------+--------+-----+--------+
         Total |   3596 |   3394 |    202 |    518 |   1846 |   5 |  719.2 |
       Dungeon |   3596 |   3394 |    202 |    518 |   1846 |   5 |  719.2 |
               +--------+--------+--------+--------+--------+-----+--------+

Top non-repeatable levels by time:
     D:2: 1055 daAuts
     D:3: 969 daAuts
     D:1: 867 daAuts
     D:4: 568 daAuts
     D:5: 135 daAuts
